 Dungeon Crawl Stone Soup version 0.19-a0-1790-g026f1ef (webtiles) character file.

189 Proteus the Covert (level 5, -8/25 HPs)
             Began as a Spriggan Assassin on Oct 4, 2016.
             Killed by nerve-wracking pain
             ... invoked by Grinder
              (13 damage)
             ... on level 3 of the Dungeon.
             The game lasted 00:08:20 (4068 turns).

Proteus the Covert (Spriggan Assassin)              Turns: 4068, Time: 00:08:21

Health: -8/25      AC:  5    Str: 12    XL:     5   Next: 40%
Magic:  6/6        EV: 17    Int: 13    God:
Gold:   125        SH:  0    Dex: 18    Spells: 0 memorised, 4 levels left

rFire  . . .     SeeInvis +     a - +2 dagger
rCold  . . .     Gourm    .     c - +0 robe
rNeg   . . .     Faith    .     (shield restricted)
rPois  .         Spirit   .     (helmet restricted)
rElec  .         Dismiss  .     d - +2 cloak
rCorr  .         Reflect  .     (gloves unavailable)
MR     .....     Harm     .     (boots unavailable)
Stlth  +++++..... Rnd*Tele +    (no amulet)
                                (no ring)
                                j - ring of teleportation (curse)

@: mighty, exhausted, slowed, quick
A: unfitting armour, see invisible, herbivore 3, speed 3, slow metabolism 2
a: no special abilities


You were on level 3 of the Dungeon.
You were full.

You visited 1 branch of the dungeon, and saw 3 of its levels.

You collected 125 gold pieces.

Inventory:

Hand Weapons
 a - a +2 dagger (weapon)
 b - a +0 blowgun
Missiles
 e - 40 poisoned needles
 f - 2 curare-tipped needles
Armour
 c - a +0 robe (worn)
 d - a +2 cloak (worn)
Jewellery
 j - a cursed ring of teleportation (left hand)
Potions
 k - a potion of curing
 l - a potion of degeneration {unknown}
 m - a potion of might
 n - a potion of brilliance {unknown}
Comestibles
 g - 2 bread rations


   Skills:
 - Level 1.5 Fighting
 - Level 2.1 Short Blades
 - Level 2.0 Throwing
 - Level 1.5 Dodging
 + Level 10.2 Stealth


You had 4 spell levels left.
You didn't know any spells.

Dungeon Overview and Level Annotations

Branches:
Dungeon (3/15)

Altars:

Annotations:
D:3 Grinder


Innate Abilities, Weirdness & Mutations

You are very small and have problems with some larger weapons.
You are too small for most types of armour.
You have supernaturally acute eyesight. (SInv)
You are a herbivore.
You cover ground extremely quickly.
You need consume almost no food.


Message History

A red film seems to cover your vision as you go berserk!
You feel yourself moving faster!
You feel mighty!
Grinder blinks!
You feel a strong urge to attack something.
Grinder gestures at you. Pain shoots through your body!
You feel your anger subside.
You are no longer berserk.
You are exhausted.
You feel yourself slow down.
You closely miss Grinder.
Grinder says, "You look like you could use a good racking."
Grinder misses you.
You barely miss Grinder. Grinder completely misses you. Grinder hits you.
You writhe in agony.
You closely miss Grinder. Grinder hits you.
You writhe in agony.
You closely miss Grinder. Grinder hits you.
You writhe in agony.
* * * LOW HITPOINT WARNING * * *
Grinder gestures at you. Pain shoots through your body!
Ouch! That really hurt!
You die...

###############
#######..............
+....................
#....#.....####.####
#...(<###.....[.#
####...5#.....###..####
#.....@.......#........
#......#......#...#.#..####
#####..#..........#.#..##..
....#......#...#.#..##.#
####.#....#.....#.#..##.#
#.#............#).##.ยง
.............###..#### ##
###....##.........# ..
#######..#..#...#


You could see Grinder.

Vanquished Creatures
  The ghost of Tekks the Ruffian, an amateur DrTm (D:3)
  3 adders
  An ooze (D:2)
  3 worms (D:2)
  A dart slug (D:1)
  2 leopard geckos (D:2)
  An orc (D:3)
  3 giant cockroaches
  8 goblins
  4 hobgoblins
  5 jackals
  2 quokkas (D:2)
  A ball python (D:2)
  3 bats
  4 frilled lizards
  7 kobolds
  15 rats
64 creatures vanquished.

Notes
Turn   | Place    | Note
-------+----------+-------------------------------------------
     0 | D:1      | Proteus the Spriggan Assassin began the quest for the Orb.
     0 | D:1      | Reached XP level 1. HP: 10/10 MP: 2/2
    10 | D:1      | Reached skill level 6 in Stealth
   246 | D:1      | Reached XP level 2. HP: 6/14 MP: 3/3
   570 | D:1      | Reached skill level 7 in Stealth
  1035 | D:2      | Reached XP level 3. HP: 15/18 MP: 4/4
  1525 | D:2      | Reached skill level 8 in Stealth
  2166 | D:2      | Reached XP level 4. HP: 13/22 MP: 5/5
  3242 | D:3      | Noticed Tekks's ghost (amateur DrTm)
  3780 | D:3      | Reached skill level 9 in Stealth
  3828 | D:3      | Killed Tekks's ghost
  3828 | D:3      | Reached skill level 10 in Stealth
  3828 | D:3      | Reached XP level 5. HP: 17/25 MP: 6/6
  4049 | D:3      | Noticed Grinder
  4068 | D:3      | Killed from afar by Grinder

Vault maps used:
D:1:      minmay_arrival_statue_studded
D:3:      ecumenical_altar_2, uniq_grinder

Skill      XL: |  1  2  3  4 |
---------------+-------------+-----
Stealth        | 6 7 8 10 | 10.2
Fighting       | |  1.5
Short Blades   | |  2.1
Throwing       | |  2.0
Dodging        | |  1.5

Action                   |  1- 3 |  4- 6 || total
-------------------------+-------+-------++-------
Melee: Dagger            |   132 |    80 ||   212
 Fire: Blowgun           |    16 |     2 ||    18
  Use: Scroll            |       |     9 ||     9
       Potion            |       |     5 ||     5
 Stab: Sleeping          |    18 |     3 ||    21
  Eat: Bread ration      |       |     1 ||     1
Armor: Robe              |    16 |     8 ||    24
Dodge: Dodged            |    83 |    49 ||   132
